 Dungeon Crawl Stone Soup version 0.30-a0-567-gf7fd966b4a (webtiles) character file.

Game seed: 12777584475445784615

886 tilp the Shield-Bearer (level 8, -2/67 HPs)
             Began as a Meteoran Fighter on Dec 28, 2022.
             Slain by a water moccasin (4 damage)
             ... on level 6 of the Dungeon.
             The game lasted 00:05:49 (979 turns).

tilp the Shield-Bearer (Meteoran Fighter)            Turns: 979, Time: 00:05:50

Health: -2/67      AC: 11    Str: 23    XL:     8   Next: 51%
Magic:  9/9        EV: 10    Int: 10    God:
Gold:   169        SH:  5    Dex: 16    Spells: 7/7 levels left

rFire   . . .      SeeInvis .    a - +0 long sword
rCold   . . .      Faith    .    c - +0 buckler
rNeg    . . .      Spirit   .    o - +0 chain mail
rPois   .          Reflect  .    (no helmet)
rElec   .          Harm     .    j - +1 cloak
rCorr   .          Rampage  .    (no gloves)
Will    +....                    (no boots) Stlth
                                 (no amulet)
HPRegen 0.31/turn                m - +6 ring of strength
MPRegen 0.11/turn                (no ring)

@: mighty, lethally poisoned (-2 -> -6), slowed, glowing, very slow
A: sense surroundings 1, otherworldly, glowing, explore regen
a: no special abilities


You were on level 6 of the Dungeon.
You visited 1 branch of the dungeon, and saw 7 of its levels.

You collected 169 gold pieces.

Inventory:

Hand Weapons
 a - a +0 long sword (weapon)
Missiles
 e - 5 boomerangs (quivered)
Armour
 b - a +0 scale mail
 c - a +0 buckler (worn)
 j - a +1 cloak (worn)
 o - a +0 chain mail (worn)
 r - a +0 ring mail of cold resistance
Jewellery
 g - a ring of wizardry
 m - a +6 ring of strength (left hand)
 n - a ring of magical power
Wands
 k - a wand of charming (11)
 s - a wand of mindburst (23)
Scrolls
 f - 2 scrolls of vulnerability {unknown}
 h - a scroll of summoning {unknown}
 i - 3 scrolls of teleportation {unknown}
 t - a scroll of fear {unknown}
Potions
 d - a potion of might
 l - a potion of curing {unknown}
 p - a potion of haste {unknown}
 q - 2 potions of flight {unknown}


   Skills:
 + Level 4.6 Fighting
 + Level 4.7 Long Blades
 + Level 3.1 Throwing
 + Level 4.7 Armour
 + Level 4.7 Dodging
 + Level 2.5 Stealth
 + Level 4.8 Shields
 + Level 2.4 Evocations


You had 7 spell levels left.
You didn't know any spells.
Your spell library was empty.

Dungeon Overview and Level Annotations

Branches:
Dungeon (7/15) Zot: 3145
 Temple: D:4-7

Altars:
Elyvilon

Annotations:
D:3 3 runed translucent doors


Innate Abilities, Weirdness & Mutations

You passively map a small area around you.
You are easily found by Zot.
You glow in the dark.
You regain HP and MP as you explore.


Message History

The water moccasin is moderately wounded.
You feel sick.
The water moccasin completely misses you.
The water moccasin bites you!
* * * LOW HITPOINT WARNING * * *
The water moccasin barely misses you.
You hit the water moccasin but do no damage.
The water moccasin is moderately wounded.
You hear the slow hiss of an avalanche of sand very nearby.
You feel sick.
You are no longer poisoned.
The water moccasin barely misses you.
The water moccasin bites you but does no damage.
Unknown command.
You feel very mighty all of a sudden.
The water moccasin bites you but does no damage.
The water moccasin barely misses you.
You hit the water moccasin.
The water moccasin is heavily wounded.
The water moccasin closely misses you. The water moccasin bites you.
* * * LOW HITPOINT WARNING * * *
The water moccasin barely misses you.
You miss the water moccasin.
The water moccasin is heavily wounded.
The water moccasin completely misses you.
The water moccasin bites you but does no damage.
You closely miss the water moccasin.
The water moccasin is heavily wounded.
The water moccasin bites you.
* * * LOW HITPOINT WARNING * * *
The water moccasin closely misses you. The water moccasin bites you.
* * * LOW HITPOINT WARNING * * *
You are lethally poisoned!
The water moccasin poisons you!
You slash the water moccasin!
The water moccasin is almost dead.
* * * LOW HITPOINT WARNING * * *
You feel very sick. The water moccasin bites you.
You die...

♣♣...............##, ,,
#................ ##
#....#........... ..# *
*#..............###...#
, , ,
...................#...#
.#.....................#
..#.....................
* ,
.###............S.......
#....#.......@.......,
#..##................
... #..........##....
,,,#..........# ... ,
...##........ . ###
####..##.. ,* , * #...
..., , , < #... ..##* ,


You could see a water moccasin.

Vanquished Creatures
  A wraith (D:6)
  An ice beast (D:3)
  2 black bears
  A necrophage (D:5)
  2 scorpions
  A hound (D:6)
  A jelly (D:4)
  An iguana (D:5)
  An orc wizard (D:5)
  A gnoll (D:4)
  3 adders
  A dart slug (D:1)
  An orc (D:5)
  3 ball pythons
  A giant cockroach (D:4)
  4 goblins (D:4)
  2 hobgoblins
  4 jackals (D:4)
  A quokka (D:4)
  A bat (D:3)
  2 frilled lizards
  3 kobolds (D:4)
38 creatures vanquished.

Vanquished Creatures (collateral kills)
  An orc warrior (D:5)
  An orc priest (D:5)
2 creatures vanquished.

Grand Total: 40 creatures vanquished

Notes
Turn   | Place    | Note
-------+----------+-------------------------------------------
     0 | D:1      | tilp the Meteoran Fighter began the quest for the Orb.
     0 | D:1      | Reached XP level 1. HP: 19/19 MP: 2/2
   143 | D:1      | Reached XP level 2. HP: 26/26 MP: 3/3
   179 | D:1      | You fall into a shaft and drop 1 floor!
   262 | D:2      | Identified the -1 pair of boots of Slovenliness {Int+2}
   309 | D:2      | Reached skill level 1 in Dodging
   309 | D:2      | Reached XP level 3. HP: 20/31 MP: 4/4
   354 | D:3      | Noticed an ice beast
   355 | D:3      | Found a runed translucent gate.
   356 | D:3      | Found a runed translucent gate.
   356 | D:3      | Found a runed translucent gate.
   365 | D:3      | Killed an ice beast
   366 | D:3      | Reached skill level 1 in Throwing
   366 | D:3      | Reached skill level 1 in Stealth
   366 | D:3      | Reached XP level 4. HP: 34/40 MP: 5/5
   366 | D:3      | Reached XP level 5. HP: 39/46 MP: 6/6
   539 | D:4      | Reached XP level 6. HP: 51/52 MP: 7/7
   632 | D:4      | Noticed a black bear
   647 | D:4      | Killed a black bear
   671 | D:5      | Entered Level 5 of the Dungeon
   718 | D:4      | Noticed a black bear
   727 | D:5      | Noticed an orc warrior
   748 | D:5      | Reached XP level 7. HP: 39/59 MP: 8/8
   778 | D:5      | Reached skill level 1 in Evocations
   863 | D:7      | Noticed a wyvern
   869 | D:6      | Found a white marble altar of Elyvilon.
   878 | D:6      | Reached XP level 8. HP: 51/67 MP: 9/9
   931 | D:6      | Noticed a wraith
   953 | D:6      | Killed a wraith
   979 | D:6      | HP: 2/67 [poisoned by a water moccasin]
   979 | D:6      | Slain by a water moccasin

Illustrated notes

Levels and vault maps discovered:
D:1:      lemuel_arrival_muddy, layout_basic, serial_curves, eino_curves_03,
          eino_curves_02, serial_bayou_pond_d
D:2:      layout_basic, minmay_cut_off
D:3:      minmay_general_purpose_star, layout_loops_ring,
          hellmonk_ecumenical_altar_leap_of_faith, gammafunk_ghost_necromancy,
          minmay_door_square
D:4:      layout_basic, nicolae_kite_square_tiling_tiny, st_stairs_1
D:5:      layout_rooms, minmay_fountain_box, nicolae_figureground_pulse
D:6:      layout_cave_pools, nicolae_uskayaw_dance_studio, tso_metal_star,
          elyvilon_altar_3, minmay_temple_entry_junction_2,
          nicolae_ossuary_entry_monument, minivault_23,
          hangedman_decor_clover_reticule, hex_medium
D:7:      layout_loops_cross, sword_in_stone, uniq_duvessa, uniq_maggie,
          uniq_pikel

Skill      XL: |  1  2  3  4  5  6  7  8 |
---------------+-------------------------+-----
Dodging        | 1 2 3 4 |  4.7
Long Blades    | 3 4 |  4.7
Throwing       | 1 2 3 |  3.1
Armour         | 4 |  4.7
Stealth        | 1 2 |  2.5
Shields        | 4 |  4.8
Fighting       | 4 |  4.6
Evocations     | 1 2 |  2.4

Action                   |  1- 3 |  4- 6 |  7- 9 || total
-------------------------+-------+-------+-------++-------
Melee: Long sword        |    44 |    61 |    87 ||   192
Throw: Boomerang         |     1 |     3 |       ||     4
Evoke: Wand              |       |     1 |       ||     1
  Use: Potion            |     1 |     1 |     2 ||     4
Armor: Scale mail        |    21 |    13 |       ||    34
       Chain mail        |       |    33 |    61 ||    94
Dodge: Dodged            |    15 |    26 |    29 ||    70
Block: Buckler           |    13 |    24 |    17 ||    54

Table legend: (Time is in decaauts)
 A = Elapsed time spent in this place.
 B = Non-inter-level travel time spent in this place.
 C = Inter-level travel time spent in this place.
 D = Time resting spent in this place.
 E = Time spent auto-exploring this place.
 F = Levels seen in this place.
 G = Mean time per level.
                   A        B        C        D        E       F      G
               +--------+--------+--------+--------+--------+-----+--------+
         Total |   1052 |   1028 |     24 |      0 |      0 |   7 |  150.3 |
       Dungeon |   1052 |   1028 |     24 |      0 |      0 |   7 |  150.3 |
               +--------+--------+--------+--------+--------+-----+--------+

Top non-repeatable levels by time:
     D:4: 322 daAuts
     D:1: 208 daAuts
     D:6: 157 daAuts
     D:2: 147 daAuts
     D:5: 146 daAuts
     D:3: 67 daAuts
     D:7: 1 daAuts
